 Dungeon Crawl Stone Soup version 0.28-a0-1241-gf280a0fbb2 (webtiles) character file.

Game seed: 17653961544938099574

894 Grim the Basher (level 8, -4/58 HPs)
             Began as a Formicid Fighter on Dec 26, 2021.
             Slain by an orc warrior (16 damage)
             ... on level 5 of the Dungeon.
             The game lasted 00:14:03 (5437 turns).

Grim the Basher (Formicid Fighter)                  Turns: 5437, Time: 00:14:04

Health: -4/58      AC: 11    Str: 23    XL:     8   Next: 27%
Magic:  8/8        EV:  6    Int:  6    God:
Gold:   215        SH:  4    Dex: 10    Spells: 7/7 levels left

rFire   . . .      SeeInvis +   a - +0 flail
rCold   . . .      Faith    .   c - +0 buckler
rNeg    . . .      Spirit   .   d - +0 plate armour
rPois   .          Reflect  .   (helmet unavailable)
rElec   .          Harm     .   (no cloak)
rCorr   .          Rampage  .   (no gloves)
Will    .....                   (no boots)
Stlth   ..........              (no amulet)
HPRegen 0.19/turn               (no ring)
MPRegen 0.11/turn               (no ring)

@: no status effects
A: permanent stasis, dig shafts and tunnels, antennae 3, four strong arms, dopey
1
a: Dig, Shaft Self


You were on level 5 of the Dungeon.
You visited 1 branch of the dungeon, and saw 6 of its levels.

You collected 215 gold pieces.

Inventory:

Hand Weapons
 a - a +0 flail (weapon)
Missiles
 e - 7 poisoned darts (quivered)
 h - 5 javelins
 m - 93 stones
 n - 4 boomerangs
Armour
 b - a +0 scale mail
 c - a +0 buckler (worn)
 d - a +0 plate armour (worn)
Jewellery
 o - a ring of magical power
 p - a ring of wizardry
 v - a ring of wizardry
Wands
 q - a wand of paralysis (12)
 r - a wand of mindburst (18)
Scrolls
 g - 3 scrolls of identify
 j - a scroll of enchant armour {unknown}
 k - a scroll of magic mapping {unknown}
 u - a scroll of fear {unknown}
Potions
 f - a potion of curing
 l - a potion of flight
 s - a potion of heal wounds
 t - 2 potions of attraction {unknown}
 w - a potion of might


   Skills:
 - Level 3.2 Fighting
 + Level 9.2 Maces & Flails
 - Level 3.2 Armour
 - Level 3.6 Shields


You had 7 spell levels left.
You didn't know any spells.
Your spell library contained the following spells:

 Spells                   Type           Power      Damage    Failure   Level
 Ensorcelled Hibernation  Hex/Ice        0%         N/A       100%        2
 Dazzling Flash           Conj/Hex       0%         N/A       100%        3
 Tukima's Dance           Hex            0%         N/A       100%        3
 Flame Wave               Conj/Fire      0%         2d4       100%        4
 Iskenderun's Mystic Bla  Conj/Tloc      0%         2d3       100%        4
 Fireball                 Conj/Fire      0%         3d3       100%        5
 Starburst                Conj/Fire      0%         6d3       100%        6
 Enfeeble                 Hex            0%         N/A       100%        7
 Fire Storm               Conj/Fire      0%         5d1       100%        9


Dungeon Overview and Level Annotations

Branches:
Dungeon (6/15)
 Temple: D:4-7

Altars:
Trog

Shops:
D:4 ?!


Innate Abilities, Weirdness & Mutations

You cannot be hasted, slowed, berserked, paralysed or teleported.
You can dig through walls and to a lower floor.
You have a pair of large antennae on your head. (SInv)
Your four strong arms can wield two-handed weapons with a shield.
You are dopey. (Int -2)


Message History

You throw a poisoned dart.
The poisoned dart completely misses the orc warrior.
The orc warrior hits you but does no damage.
Throw: throwing net
Press: ? - help, Q - select action, (/) - cycle Shift-Dir - straight line, f/p - orc warrior
Aim: an orc warrior, wielding a +0 battleaxe and wearing a +0 chain mail (poisoned, 52% to hit)
You throw a throwing net.
The throwing net closely misses the orc warrior.
An orc comes into view. It is wielding a +0 mace.
The orc warrior hits you with a +0 battleaxe!
The orc shouts!
You barely miss the orc warrior.
The orc warrior hits you with a +0 battleaxe!
* * * LOW HITPOINT WARNING * * *
The orc warrior hits you with a +0 battleaxe.
* * * LOW HITPOINT WARNING * * *
You climb upwards.
There is a stone staircase leading down here.
The orc warrior looks more healthy.
You hit the orc warrior but do no damage.
The orc warrior closely misses you.
You closely miss the orc warrior.
The orc warrior hits you with a +0 battleaxe!
* * * LOW HITPOINT WARNING * * *
You barely miss the orc warrior.
The orc warrior hits you with a +0 battleaxe.
* * * LOW HITPOINT WARNING * * *
You hit the orc warrior but do no damage.
The orc warrior barely misses you.
You barely miss the orc warrior. The orc warrior barely misses you.
You closely miss the orc warrior.
The orc warrior hits you but does no damage.
You closely miss the orc warrior. You block the orc warrior's attack.
You barely miss the orc warrior. The orc warrior barely misses you.
You barely miss the orc warrior.
The orc warrior hits you with a +0 battleaxe!
* * * LOW HITPOINT WARNING * * *
Are you sure you want to shaft yourself?
The orc warrior hits you with a +0 battleaxe!
You die...

.#....###..##.##...# ##..#.....#
...##.##....#..##..####..####....
#...........#..##..##....## ##...
...................#......###.#.#
#.............#......####.....[..
.....#>...)..###.....# #........
....##.##.#...##.....# ##.......
...##..##.##..##o##.######.......
#..##...)###...#@#...............
##......####........####.........
####...............#####.........
#.##...........#..###.#..........
...#...........##................
#...........##...................
..##....#..##....................
.###..###...............<....<...
.####..####.................###..


You could see an orc warrior.

Vanquished Creatures
  An orc warrior (D:3)
  A phantom (D:5)
  2 scorpions (D:5)
  A water moccasin skeleton (D:5)
  A hound (D:5)
  A jelly (D:5)
  2 orc priests
  A gnoll shaman (D:6)
  4 iguanas
  5 orc wizards
  A howler monkey skeleton (D:5)
  4 gnolls (D:6)
  3 adders
  A shadow imp (D:6)
  An adder skeleton (D:4)
  7 dart slugs
  13 orcs
  3 endoplasms
  3 giant cockroaches
  9 goblins
  7 hobgoblins
  3 jackals (D:2)
  5 kobolds
  4 quokkas
  7 ball pythons
  5 bats
  3 frilled lizards
  5 rats
103 creatures vanquished.

Vanquished Creatures (others)
  An orc wizard (D:5)
1 creature vanquished.

Grand Total: 104 creatures vanquished

Notes
Turn   | Place    | Note
-------+----------+-------------------------------------------
     0 | D:1      | Grim the Formicid Fighter began the quest for the Orb.
     0 | D:1      | Reached XP level 1. HP: 18/18 MP: 1/1
   205 | D:1      | Reached XP level 2. HP: 24/24 MP: 2/2
   538 | D:1      | Reached skill level 3 in Maces & Flails
   639 | D:1      | Reached XP level 3. HP: 29/29 MP: 3/3
  1529 | D:2      | Reached skill level 4 in Maces & Flails
  1529 | D:2      | Reached XP level 4. HP: 31/35 MP: 4/4
  1939 | D:2      | Found a faded altar of an unknown god.
  2139 | D:3      | Found a bloodstained altar of Trog.
  2604 | D:4      | Reached XP level 5. HP: 41/41 MP: 5/5
  2920 | D:4      | Reached skill level 5 in Maces & Flails
  3024 | D:4      | Found Quaproge's Distillery.
  3270 | D:4      | Reached XP level 6. HP: 44/47 MP: 6/6
  3283 | D:4      | Noticed an orc warrior
  3290 | D:4      | Reached skill level 6 in Maces & Flails
  3351 | D:3      | Killed an orc warrior
  3733 | D:4      | Found Baboej's Magic Scroll Emporium.
  3741 | D:4      | Gained mutation: You are dopey. (Int -2) [potion of
                  | mutation]
  3982 | D:5      | Entered Level 5 of the Dungeon
  4011 | D:5      | Reached XP level 7. HP: 16/52 MP: 7/7
  4290 | D:5      | Reached skill level 7 in Maces & Flails
  4704 | D:5      | Reached skill level 8 in Maces & Flails
  4825 | D:5      | Reached XP level 8. HP: 55/58 MP: 8/8
  5157 | D:6      | Got the Tome of the Arsonist
  5190 | D:6      | Reached skill level 9 in Maces & Flails
  5437 | D:5      | Slain by an orc warrior

Illustrated notes

Levels and vault maps discovered:
D:1:      pf_arrival_petrified_forest, layout_loops_corners, minmay_hexomino_f4
D:2:      layout_loops_cross, hellmonk_ecumenical_altar_inner_sanctum
D:3:      layout_rooms, trog_butcher_becter, serial_glass, glass_columns_b,
          glass_columns_c
D:4:      layout_rooms, serial_shops, nicolae_shop_behind_doors, shop,
          minmay_misc_feat_roman
D:5:      layout_cave_pools
D:6:      layout_rooms, minmay_temple_entry_gardened_gates, hex_intersection

Skill      XL: |  1  2  3  4  5  6  7  8 |
---------------+-------------------------+-----
Maces & Flails | 3 4 5 6 8 9 |  9.2
Fighting       | |  3.2
Armour         | |  3.2
Shields        | |  3.6

Action                   |  1- 3 |  4- 6 |  7- 9 || total
-------------------------+-------+-------+-------++-------
Melee: Flail             |    59 |   125 |   123 ||   307
Throw: Dart              |    63 |    70 |    23 ||   156
       Boomerang         |       |     6 |    29 ||    35
       Throwing net      |       |     2 |     5 ||     7
       Javelin           |       |     4 |       ||     4
 Abil: Dig               |       |       |     1 ||     1
       Shaft Self        |       |       |     1 ||     1
  Use: Scroll            |     4 |     1 |       ||     5
       Potion            |       |     4 |       ||     4
 Stab: Held in net/web   |       |     1 |     1 ||     2
Armor: Scale mail        |    19 |    46 |       ||    65
       Skin              |       |     6 |       ||     6
       Plate armour      |       |     2 |    41 ||    43
Dodge: Dodged            |    32 |    59 |    18 ||   109
Block: Buckler           |    16 |    24 |    20 ||    60

Table legend: (Time is in decaauts)
 A = Elapsed time spent in this place.
 B = Non-inter-level travel time spent in this place.
 C = Inter-level travel time spent in this place.
 D = Time resting spent in this place.
 E = Time spent auto-exploring this place.
 F = Levels seen in this place.
 G = Mean time per level.
                   A        B        C        D        E       F      G
               +--------+--------+--------+--------+--------+-----+--------+
         Total |   5485 |   5342 |    143 |   1374 |   2836 |   6 |  914.2 |
       Dungeon |   5485 |   5342 |    143 |   1374 |   2836 |   6 |  914.2 |
               +--------+--------+--------+--------+--------+-----+--------+

Top non-repeatable levels by time:
     D:5: 1186 daAuts
     D:2: 1079 daAuts
     D:1: 1046 daAuts
     D:3: 1045 daAuts
     D:4: 851 daAuts
     D:6: 276 daAuts
